 Dungeon Crawl Stone Soup version 0.19.5 (webtiles) character file.

14676 tricornhat the Basher (level 11, -1/126 HPs)
             Began as a Demonspawn Berserker on Mar 28, 2017.
             Was a High Priest of Trog.
             Slain by a spark wasp (shapeshifter) (21 damage)
             ... on level 12 of the Dungeon on Mar 30, 2017.
             The game lasted 01:20:57 (13318 turns).

tricornhat the Basher (Demonspawn Berserker)       Turns: 13318, Time: 01:20:57

Health: -1/126     AC: 18    Str: 26    XL:     11   Next: 91%
Magic:  0/12       EV: 12    Int:  9    God:    Trog [*****.]
Gold:   674        SH:  0    Dex: 14    Spells: 0 memorised, 10 levels left

rFire  . . .     SeeInvis .     a - +0 dire flail of Trog's Vengeance {flame, rN+ Dex+2 Stlth-}
rCold  + . .     Gourm    .     p - +1 plate armour
rNeg   + . .     Faith    .     (shield currently unavailable)
rPois  .         Spirit   +     (helmet restricted)
rElec  .         Reflect  .     G - +0 cloak
rCorr  .         Harm     .     f - +2 pair of gloves
MR     .....                    (no boots)
Stlth  ..........               A - amulet of guardian spirit
                                (no ring)
                                K - ring of stealth

@: berserking, very quick
A: horns 2, repulsion field 2, cold resistance 1, demonic guardian 1, high mp 1
a: Berserk, Trog's Hand, Brothers in Arms, Burn Spellbooks, Renounce Religion


You were on level 12 of the Dungeon.
You worshipped Trog.
Trog was extremely pleased with you.
You were very hungry.

You visited 1 branch of the dungeon, and saw 12 of its levels.

You collected 674 gold pieces.

Inventory:

Hand Weapons
 a - the +0 dire flail of Trog's Vengeance (weapon) {flame, rN+ Dex+2 Stlth-}
   (Trog gifted it to you on level 12 of the Dungeon)

   It has been specially enchanted to burn those struck by it, causing extra
   injury to most foes and up to half again as much damage against particularly
   susceptible opponents.
   It affects your dexterity (+2).
   It protects you from negative energy.
   It makes you less stealthy.
 b - a +0 shortbow
 d - a +4 mace of crushing
 l - a +2 morningstar of draining
 u - a +4 mace of protection
Missiles
 L - 76 arrows
Armour
 f - a +2 pair of gloves (worn)
 j - a +2 shield
 p - a +1 plate armour (worn)
 s - the +0 helmet "Joting" {Str+6, unknown}
   (You found it on level 5 of the Dungeon)

   It affects your strength (+6).
 G - a +0 cloak (worn)
Jewellery
 n - an uncursed ring of flight
 A - an amulet of guardian spirit (around neck)
 K - a ring of stealth (left hand)
Wands
 i - a wand of teleportation (4/9)
 z - a wand of lightning (6/15)
 H - a wand of lightning (7/15)
Scrolls
 e - 8 scrolls of remove curse
 m - a scroll of fog
 o - 2 scrolls of teleportation
 v - a scroll of magic mapping
 x - a scroll of recharging
Potions
 g - 2 potions of mutation {unknown}
 q - 2 potions of agility
 r - 3 potions of flight {unknown}
 C - a potion of haste {unknown}
 F - a potion of curing
 J - a potion of lignification {unknown}
Comestibles
 c - 6 bread rations
 h - a royal jelly
 w - 7 meat rations


   Skills:
 + Level 7.3 Fighting
 * Level 13.5 Maces & Flails
 + Level 6.7 Armour
 + Level 3.9 Dodging
 + Level 6.3 Shields


You had 10 spell levels left.
You didn't know any spells.

Dungeon Overview and Level Annotations

Branches:
Dungeon (12/15)            Temple (0/1) D:4            Lair (0/6) D:8
    Orc (0/2) D:9

Altars:
Cheibriados
Dithmenos
Elyvilon
Gozag
Hepliaklqana
Kikubaaqudgha
Makhleb
Nemelex Xobeh
Qazlal
Ru
Trog
Uskayaw
Vehumet
Xom
Zin
The Shining One


Innate Abilities, Weirdness & Mutations

You have a pair of horns on your head.
You are surrounded by a moderate repulsion field. (EV +3)
Your flesh is cold resistant. (rC+)
A weak demonic guardian rushes to your aid.
You have an increased reservoir of magic. (+10% MP)


Message History

You feel much better.
You are feeling hungry.
The spark wasp stings you but does no damage.
The spark wasp closely misses you.
A red film seems to cover your vision as you go berserk!
You feel yourself moving faster!
You feel mighty!
You are feeling very hungry.
The spark wasp stings you!! The spark wasp shocks you!
You closely miss the spark wasp. You headbutt the spark wasp!
The spark wasp is moderately wounded.
You closely miss the spark wasp. You headbutt the spark wasp.
The spark wasp is heavily wounded.
The spark wasp stings you!
* * * LOW HITPOINT WARNING * * *
The spark wasp shocks you!
* * * LOW HITPOINT WARNING * * *
You hit the spark wasp. You burn the spark wasp.
The spark wasp is heavily wounded.
The spark wasp stings you!!
You die...

# #...#..#...............##.....
# ##..#..#.#....................
####...##...###(.................
.##...##....##..............#....
....†........#.....#.............
#....####.......................#
#.##.# #.....5....)...........#
..##..# ##.....................#
.####.####.....y@!.##............
.# #......#................##.[
.# .. #..#....>..........## . ##
.## #.................... ## #.#
###.................##
.###...###....###............#
....# .....#..# ##........$$...
#.### ##....#.## #...........$.
#.# #....#..##..............


You could see a spark wasp and a friendly iron imp.

Vanquished Creatures
  The ghost of North the Carver, a journeyman VSFi of Ashenzari (D:10)
  2 unseen horrors
  2 hill giants
  Pikel (D:4)
  An ugly thing (D:12)
  A cyclops (D:11)
  A manticore (D:12)
  Joseph (D:7)
  A centaur zombie (D:10)
  A troll (D:10)
  A hornet (D:10)
  A two-headed ogre (D:11)
  A hippogriff (D:8)
  Sigmund (D:6)
  A wraith (D:12)
  The ghost of tognito the Chopper, an amateur MiBe of Trog (D:3)
  8 yaks
  3 wyverns
  Grum (D:8)
  2 hungry ghosts
  Edmund (D:6)
  A water moccasin (D:8)
  7 orc warriors
  3 sky beasts
  A swamp drake (D:9)
  A black bear (D:6)
  2 phantoms
  3 necrophages
  4 wolves (D:8)
  6 ogres
  An eye of draining (D:12)
  9 centaurs
  4 big kobolds
  7 bullfrogs
  6 scorpions
  A wyvern skeleton (D:10)
  5 killer bees
  3 wights (D:8)
  2 jellies (D:8)
  4 crimson imps
  2 bullfrog zombies (D:7)
  A quasit (D:10)
  4 hounds
  10 orc priests
  A centaur skeleton (D:7)
  5 bullfrog skeletons
  3 iguanas
  15 orc wizards
  6 worker ants
  3 hound skeletons
  9 adders
  A shadow imp (D:9)
  2 oozes
  An adder skeleton (D:4)
  2 dart slugs (D:1)
  A worm (D:3)
  5 leopard geckos
  60 orcs
  A ball python (D:1)
  4 bats
  6 giant cockroaches
  5 goblins
  7 hobgoblins
  14 jackals
  A quokka (D:3)
  3 frilled lizards
  16 kobolds
  2 leopard gecko skeletons
  A quokka zombie (D:8)
  10 rats
304 creatures vanquished.

Vanquished Creatures (collateral kills)
  A troll (D:12)
  An orc warrior (D:8)
  An ogre (D:8)
  An orc priest (D:11)
  An orc wizard (D:10)
  An orc (D:10)
  4 kobolds
10 creatures vanquished.

Vanquished Creatures (others)
  A goblin (D:3)
1 creature vanquished.

Grand Total: 315 creatures vanquished

Notes
Turn   | Place    | Note
-------+----------+-------------------------------------------
     0 | D:1      | tricornhat the Demonspawn Berserker began the quest for the Orb.
     0 | D:1      | Reached XP level 1. HP: 18/18 MP: 1/1
   148 | D:1      | Gained mutation: You have a pair of small horns on your head. [demonic ancestry]
   148 | D:1      | Reached XP level 2. HP: 24/24 MP: 2/2
   186 | D:1      | Reached skill level 3 in Maces & Flails
   815 | D:2      | Gained mutation: You have a pair of horns on your head. [demonic ancestry]
   815 | D:2      | Reached XP level 3. HP: 29/29 MP: 3/3
   828 | D:2      | Reached ** piety under Trog
  1245 | D:3      | Noticed tognito's ghost (amateur MiBe)
  1246 | D:3      | Reached XP level 4. HP: 30/37 MP: 4/4
  1254 | D:3      | Killed tognito's ghost
  1254 | D:3      | Reached skill level 4 in Maces & Flails
  1254 | D:3      | Reached XP level 5. HP: 34/42 MP: 5/5
  1688 | D:2      | Reached skill level 1 in Shields
  1792 | D:3      | Reached skill level 5 in Maces & Flails
  1792 | D:3      | Gained mutation: Your flesh is cold resistant. (rC+) [demonic ancestry]
  1792 | D:3      | Reached XP level 6. HP: 47/48 MP: 6/6
  2171 | D:3      | You fall through a shaft!
  2436 | D:3      | Reached *** piety under Trog
  2517 | D:3      | Gained mutation: You have an increased reservoir of magic. (+10% MP) [potion of beneficial mutation]
  2715 | D:4      | Found a staircase to the Ecumenical Temple.
  2717 | D:4      | Noticed a slave
  2718 | D:4      | Noticed Pikel
  2718 | D:4      | Noticed a slave
  2719 | D:4      | Noticed a slave
  2731 | D:4      | Killed Pikel
  2731 | D:4      | Reached skill level 6 in Maces & Flails
  2731 | D:4      | Reached XP level 7. HP: 15/54 MP: 7/7
  3047 | D:4      | Reached skill level 7 in Maces & Flails
  3327 | D:4      | Found a white marble altar of Elyvilon.
  3350 | D:4      | Found a snail-covered altar of Cheibriados.
  3352 | D:4      | Found a stormy altar of Qazlal.
  3352 | D:4      | Found a hide-covered altar of Uskayaw.
  3352 | D:4      | Found a shadowy altar of Dithmenos.
  3352 | D:4      | Found a glowing silver altar of Zin.
  3440 | D:5      | Entered Level 5 of the Dungeon
  3578 | D:5      | Found a burning altar of Makhleb.
  3578 | D:5      | Found a sacrificial altar of Ru.
  3593 | D:5      | Found an opulent altar of Gozag.
  3606 | D:5      | Gained mutation: You are surrounded by a mild repulsion field. (EV +2) [demonic ancestry]
  3606 | D:5      | Reached XP level 8. HP: 20/61 MP: 8/8
  3830 | D:5      | Found a sparkling altar of Nemelex Xobeh.
  3830 | D:5      | Found a hazy altar of Hepliaklqana.
  3958 | D:5      | Found a sacrificial altar of Ru.
  4030 | D:5      | Found an ancient bone altar of Kikubaaqudgha.
  4037 | D:5      | Got a faintly glowing helmet
  4783 | D:6      | Noticed Edmund
  4794 | D:6      | Killed Edmund
  4811 | D:6      | Reached skill level 8 in Maces & Flails
  5163 | D:6      | Noticed Sigmund
  5168 | D:6      | Killed Sigmund
  5509 | D:6      | Reached skill level 9 in Maces & Flails
  5719 | D:6      | Gained mutation: A weak demonic guardian rushes to your aid. [demonic ancestry]
  5719 | D:6      | Reached XP level 9. HP: 67/67 MP: 9/9
  5728 | D:6      | Found a radiant altar of Vehumet.
  5769 | D:6      | Reached skill level 5 in Fighting
  5796 | D:6      | Reached **** piety under Trog
  6434 | D:7      | Noticed Joseph
  6447 | D:7      | Killed Joseph
  6447 | D:7      | Reached skill level 10 in Maces & Flails
  6832 | D:8      | Noticed Grum
  6833 | D:8      | Found a staircase to the Lair.
  7542 | D:8      | Reached XP level 10. HP: 76/76 MP: 6/11
  7554 | D:8      | Killed Grum
  7631 | D:8      | Reached ***** piety under Trog
  7938 | D:9      | Noticed a hill giant
  7943 | D:8      | Reached skill level 11 in Maces & Flails
  7956 | D:8      | Killed a hill giant
  8204 | D:8      | HP: 3/76 [poisoned by a kobold]
  8211 | D:8      | HP: 3/76 [poisoned by a kobold]
  8219 | D:8      | HP: 3/76 [poisoned by a kobold]
  8658 | D:8      | Reached skill level 5 in Armour
  8807 | D:9      | Received a gift from Trog
  8879 | D:9      | Reached skill level 5 in Shields
  9012 | D:9      | Found a staircase to the Orcish Mines.
  9244 | D:9      | Found a shimmering altar of Xom.
  9371 | D:9      | Found a glowing golden altar of the Shining One.
  9453 | D:10     | Entered Level 10 of the Dungeon
  9639 | D:10     | Reached skill level 12 in Maces & Flails
  9742 | D:10     | Noticed North's ghost (journeyman VSFi)
  9764 | D:10     | Killed North's ghost
  9764 | D:10     | Gained mutation: You are surrounded by a moderate repulsion field. (EV +3) [demonic ancestry]
  9764 | D:10     | Reached XP level 11. HP: 83/83 MP: 9/12
 10294 | D:11     | Found a bloodstained altar of Trog.
 10654 | D:11     | Noticed a hill giant
 10678 | D:11     | Killed a hill giant
 10822 | D:11     | Killed an unseen horror
 11121 | D:11     | Reached skill level 13 in Maces & Flails
 11962 | D:12     | Noticed a green ugly thing
 11980 | D:12     | Killed a green ugly thing
 12448 | D:12     | Received a gift from Trog
 12451 | D:12     | Got a fine dire flail {god gift}
 12457 | D:12     | Identified the +0 dire flail of Trog's Vengeance {flame, rN+ Dex+2 Stlth-} (Trog gifted it to you on level 12 of the Dungeon)
 12959 | D:12     | Killed an unseen horror
 13308 | D:12     | Noticed a spark wasp
 13318 | D:12     | Slain by a spark wasp (shapeshifter)

Skill      XL: |  1  2  3  4  5  6  7  8  9 10 11 |
---------------+----------------------------------+-----
Maces & Flails | 3 4 5 6 7 9 10 12 13 | 13.5
Dodging        | 2 3 |  3.9
Armour         | 2 3 4 5 6 |  6.7
Shields        | 1 2 3 5 6 |  6.3
Fighting       | 4 5 6 7 |  7.3

Action                   |  1- 3 |  4- 6 |  7- 9 | 10-12 || total
-------------------------+-------+-------+-------+-------++-------
Melee: Mace              |    72 |   107 |    23 |   397 ||   599
       Headbutt          |    12 |    17 |    41 |   144 ||   214
       Morningstar       |       |       |   254 |   168 ||   422
       Dire flail        |       |       |       |    78 ||    78
Invok: Berserk           |       |     2 |     1 |     3 ||     6
       Burn Spellbooks   |       |       |       |     1 ||     1
  Use: Potion            |       |     7 |     2 |     1 ||    10
       Scroll            |       |     4 |    16 |    11 ||    31
 Stab: Sleeping          |     1 |       |       |       ||     1
       Distracted        |       |       |       |     1 ||     1
  Eat: Chunk             |     1 |     4 |    11 |    14 ||    30
       Beef jerky        |       |     1 |     1 |     2 ||     4
       Fruit             |       |       |     1 |       ||     1
       Pizza             |       |       |     2 |     2 ||     4
       Meat ration       |       |       |       |     1 ||     1
Armor: Animal skin       |     9 |       |       |       ||     9
       Leather armour    |    11 |    19 |    21 |       ||    51
       Plate armour      |       |       |    77 |   378 ||   455
       Chain mail        |       |       |     1 |       ||     1
Dodge: Dodged            |    33 |    36 |    99 |   160 ||   328
Block: Shield            |    19 |    53 |   180 |   333 ||   585
